Map: Terraform LE (Void)

Players

CunningStunt

  • Race: Protoss Protoss
  • League: Gold

Pharmer - Winner!

  • Race: Zerg Zerg
  • League: Gold

VOD

Have the link to the VOD?

Description

Time

  • Played on: Sept. 12, 2015, 5:28 a.m.
  • Length: 11:09
Show
View Real Time Build Order
Export as new Build Order

CunningStunt Protoss 

Build Orders: 1 Gate Expand, Phoenix Opening 

Get SALT Encoding   

  12  0:00  Probe (Chrono Boost)  
  13  0:10  Probe (Chrono Boost)  
  14  0:18  Pylon  
  14  0:21  Probe (Chrono Boost)  
  15  0:36  Probe (Chrono Boost)  
  15  0:40  Gateway  
  16  0:46  Probe (Chrono Boost)  
  17  0:56  Probe (Chrono Boost)  
  18  1:14  Nexus  
  18  1:18  Assimilator  
  18  1:29  Cybernetics Core  
  18  1:32  Probe (Chrono Boost)  
  19  1:39  Assimilator  
  19  1:44  Probe (Chrono Boost)  
  20  1:56  Pylon  
  20  1:59  Probe (Chrono Boost)  
  21  2:09  Probe (Chrono Boost)  
  22  2:18  Mothership Core (Chrono Boost)  
  24  2:24  Adept (Chrono Boost)  
  26  2:36  Probe x2 (Chrono Boost)  
  28  2:47  Probe (Chrono Boost)  
  28  2:48  Probe (Chrono Boost)  
  28  2:49  Adept  
  30  2:53  Stargate  
  30  2:57  Probe (Chrono Boost)  
  33  3:00  Probe (Chrono Boost)  
  34  3:06  Assimilator  
  34  3:07  Probe (Chrono Boost)  
  34  3:09  Assimilator  
  34  3:11  Probe (Chrono Boost)  
  36  3:12  Warp Gate  
  36  3:17  Probe (Chrono Boost)  
  37  3:22  Probe (Chrono Boost)  
  38  3:27  Probe (Chrono Boost)  
  38  3:29  Pylon  
  38  3:32  Probe (Chrono Boost)  
  40  3:37  Probe (Chrono Boost)  
  41  3:41  Phoenix  
  41  3:42  Probe (Chrono Boost)  
  41  3:47  Probe (Chrono Boost)  
  45  3:52  Probe (Chrono Boost)  
  46  4:07  Probe x2 (Chrono Boost)  
  44  4:12  Void Ray  
  48  4:17  Probe (Chrono Boost)  
  48  4:18  Probe (Chrono Boost), Stargate  
  50  4:27  Probe (Chrono Boost)  
  50  4:28  Probe (Chrono Boost)  
  50  4:29  Gateway  
  50  4:30  Gateway  
  52  4:32  Gateway  
  52  4:35  Pylon  
  52  4:37  Probe (Chrono Boost)  
  53  4:38  Probe (Chrono Boost)  
  54  4:52  Probe x2 (Chrono Boost)  
  56  5:29  Probe x2 (Chrono Boost)  
  56  5:30  Zealot x2  
  60  5:37  Void Ray (Chrono Boost)  
  60  5:40  Probe (Chrono Boost)  
  60  5:41  Pylon, Void Ray (Chrono Boost)  
  60  5:42  Pylon  
  42  5:57  Probe (Chrono Boost)  
  42  6:00  Mothership Core (Chrono Boost)  
  42  6:02  Zealot x3  
  46  6:08  Probe  
  35  6:20  Probe x2  
  35  6:32  Probe x2  
  36  6:36  Zealot  
  38  6:44  Probe x2  
  38  6:56  Probe x2  
  37  7:01  Zealot  
  37  7:08  Probe  
  38  7:09  Probe  
  36  7:20  Probe x2 (Chrono Boost)  
  37  7:23  Void Ray (Chrono Boost)  
  37  7:24  Void Ray (Chrono Boost)  
  45  7:32  Probe x2  
  44  7:44  Probe x2  
  45  7:56  Probe x2  
  47  8:00  Pylon  
  47  8:05  Pylon  
  47  8:08  Probe x2, Void Ray (Chrono Boost)  
  53  8:17  Void Ray (Chrono Boost)  
  57  8:20  Probe  
  58  8:27  Gateway  
  58  8:33  Pylon  
  58  8:36  Gateway  
  58  8:38  Zealot  
  58  8:40  Stalker  
  62  8:44  Void Ray (Chrono Boost)  
  62  8:47  Probe  
  67  8:49  Probe  
  67  8:53  Void Ray (Chrono Boost)  
  72  8:59  Probe  
  72  9:01  Probe  
  74  9:18  Probe x2 (Chrono Boost)  
  76  9:29  Probe x2 (Chrono Boost)  
  78  10:13  Fleet Beacon  
  78  10:14  Pylon  
  78  10:16  Pylon x2  
  78  10:31  Pylon  
  78  10:32  Probe x2 (Chrono Boost), Phoenix x2  
  78  10:35  Zealot x4  
  86  10:42  Twilight Council, Probe x2 (Chrono Boost)  
  92  10:43  Gateway  
  94  10:52  Probe (Chrono Boost)  
  95  11:03  Nexus  
  69  11:07  Pylon  
Show
View Real Time Build Order
Export as new Build Order

Pharmer Zerg - Winner!

Build Orders: Hatch First 

Get SALT Encoding   

  12  0:00  Drone  
  13  0:08  Drone  
  14  0:16  Overlord  
  14  0:23  Drone, Extractor  
  14  0:28  Extractor  
  14  0:29  Drone  
  14  0:35  Drone  
  17  0:44  Drone  
  18  0:57  Hatchery  
  18  1:01  Drone  
  18  1:05  Drone  
  18  1:08  Extractor  
  18  1:16  Drone  
  19  1:22  Spawning Pool  
  18  1:30  Drone  
  19  1:38  Overlord  
  19  1:53  Drone  
  20  2:05  Drone  
  21  2:10  Metabolic Boost  
  21  2:11  Queen x2  
  21  2:13  Drone  
  21  2:14  Drone  
  27  2:23  Zergling x2  
  27  2:29  Roach Warren  
  27  2:31  Extractor  
  27  2:33  Overlord  
  27  2:36  Drone  
  27  2:39  Drone  
  28  2:45  Overlord  
  28  2:47  Drone  
  29  2:56  Drone x2  
  31  3:02  Queen  
  33  3:09  Roach  
  33  3:10  Roach  
  37  3:18  Drone x2, Roach  
  41  3:21  Drone  
  42  3:35  Lair  
  42  3:45  Ravager  
  42  4:10  Roach x2  
  42  4:11  Overlord x3, Roach x3  
  52  4:24  Overlord x2  
  52  4:25  Overlord  
  52  4:34  Ravager  
  52  4:35  Ravager  
  54  4:42  Drone  
  54  4:43  Drone x5  
  60  4:45  Hatchery  
  60  4:49  Glial Reconstitution  
  59  5:02  Zergling x12  
  63  5:18  Zergling x2  
  63  5:19  Zergling x10  
  55  5:50  Zergling x2  
  55  5:51  Zergling x10  
  58  6:03  Roach  
  58  6:04  Roach x5  
  67  6:20  Zergling x8  
  61  6:50  Zergling x2  
  61  6:51  Zergling x12  
  66  7:00  Queen  
  48  7:44  Roach  
  48  7:45  Roach x14  
  75  7:52  Drone x3  
  78  8:07  Drone x2, Hydralisk Den  
  78  8:08  Evolution Chamber, Drone x4  
  78  8:09  Evolution Chamber  
  81  8:16  Ravager x3  
  81  8:17  Ravager x4  
  81  8:18  Hatchery  
  87  8:28  Extractor x2  
  87  8:33  Extractor  
  84  8:35  Extractor  
  83  8:42  Drone x3  
  83  8:43  Drone x2  
  83  8:44  Drone x4  
  83  8:45  Drone x5  
  97  9:07  Overlord  
  97  9:08  Overlord x10  
  97  9:27  Hydralisk x2  
  97  9:28  Hydralisk  
  103  9:32  Hydralisk  
  105  9:49  Queen  
  105  9:51  Hydralisk  
  105  9:52  Hydralisk  
  111  9:54  Unknown  
  103  10:11  Hydralisk Den  
  103  10:13  Zergling x2  
  103  10:14  Roach x2, Zergling x12  
  109  10:17  Drone x4  
  117  10:40  Ravager x2  
  117  10:41  Ravager x6  
  125  10:45  Roach x3, Zergling x10  
  125  10:46  Zergling x14  
Tags
 
Add a new tag
Caveats
  • Supply blocks, unpowered buildings, or Contaminate may cause inaccurate times.
  • Supply counts are checked every 10 seconds.